 Dungeon Crawl Stone Soup version 0.24.0-13-gcf9b3192b9 (webtiles) character file.

Game seed: 14206735544796997257, levelgen mode: deterministic

5 Iamsoldier the Skirmisher (level 1, -5/19 HPs)
             Began as a Ghoul Monk on Nov 5, 2019.
             Slain by a kobold
             ... wielding a +2 short sword of electrocution
              (13 damage)
             ... on level 1 of the Dungeon.
             The game lasted 00:01:04 (267 turns).

Iamsoldier the Skirmisher (Ghoul Monk)               Turns: 267, Time: 00:01:06

Health: -5/19      AC:  2    Str: 14    XL:     1   Next: 80%
Magic:  0/0        EV: 12    Int:  5    God:
Gold:   0          SH:  0    Dex: 11    Spells: 0/0 levels left

rFire    . . .     SeeInvis .     - Unarmed
rCold    + . .     Gourm    .   (no shield)
rNeg     + + +     Faith    .   a - +0 robe
rPois    ∞         Spirit   .   (no helmet)
rElec    .         Reflect  .   (no cloak)
rCorr    .         Harm     .   (no gloves)
MR       .....                  (no boots)
Stlth    ++........             (no amulet)
HPRegen  0.00/turn              (no ring)
MPRegen  0.07/turn              (no ring)

@: rotting
A: rotting body, claws 1, carnivore, cold resistance 1, negative energy
resistance 3, inhibited regeneration, torment resistance, unbreathing
a: no special abilities


You were on level 1 of the Dungeon.
You were not hungry.

You visited 1 branch of the dungeon, and saw 1 of its levels.

Inventory:

Armour
 a - a +0 robe (worn)
Comestibles
 b - a ration
 c - a chunk of flesh


   Skills:
 * Level 3.4 Fighting
 + Level 2.7 Dodging
 + Level 2.3 Stealth
 * Level 3.4 Unarmed Combat


You couldn't memorise any spells.
You didn't know any spells.
Your spell library was empty.

Dungeon Overview and Level Annotations

Branches:
Dungeon (1/15)

Altars:


Innate Abilities, Weirdness & Mutations

Your body is rotting away.
You thrive on raw meat.
You are immune to poison.
You have sharp fingernails.
You are carnivorous and can eat meat at any time.
Your flesh is cold resistant. (rC+)
You are immune to negative energy. (rN+++)
You do not regenerate when monsters are visible.
You are immune to unholy pain and torment.
You can survive without breathing.


Message History

A goblin comes into view.
Found 19 stones.
The kobold shouts!
Okay, then.
The gnoll misses you.
You scratch the gnoll but do no damage. Your claw misses the gnoll.
The gnoll barely misses you.
You scratch the gnoll. You claw the gnoll.
The gnoll is almost dead.
The kobold misses you. The gnoll barely misses you.
You scratch the gnoll.
The gnoll is almost dead.
The kobold hits you but does no damage. The gnoll hits you with a +0 spear.
You barely miss the gnoll.
The gnoll is almost dead.
The goblin completely misses you.
The kobold hits you with a +2 short sword of electrocution.
You are electrocuted!
Ouch! That really hurt!
You die...

#h#.#9# #... #..
###.### #....#..
#O#.#f# #(...#..
###.### #>...#.#
#6#.#m#
#....#.#####.###
#........#p#.#K#
#....Kgg.###.###
#..@..#p#.#V#
#.....###'###
###.### #.#
##.#####.##
#.........#
#.........#
#.........#
######..≈......#
........≈......#


You could see a gnoll, a goblin and a kobold.

Vanquished Creatures
  2 dart slugs (D:1)
2 creatures vanquished.

Notes
Turn   | Place    | Note
-------+----------+-------------------------------------------
     0 | D:1      | Iamsoldier the Ghoul Monk began the quest for the Orb.
     0 | D:1      | Reached XP level 1. HP: 19/19 MP: 0/0
     2 | D:1      | Noticed a spriggan
     2 | D:1      | Noticed a demigod
     6 | D:1      | Noticed a centaur
     6 | D:1      | Noticed a dwarf
     8 | D:1      | Noticed a formicid
     8 | D:1      | Noticed a tengu
    10 | D:1      | Noticed a ghoul
    12 | D:1      | Noticed an elf
    12 | D:1      | Noticed a minotaur
    14 | D:1      | Noticed a naga
    14 | D:1      | Noticed an octopode
    16 | D:1      | Noticed a draconian
    16 | D:1      | Noticed a troll
    18 | D:1      | Noticed a felid
    18 | D:1      | Noticed a gargoyle
    20 | D:1      | Noticed an ogre
    20 | D:1      | Noticed a vine stalker
    22 | D:1      | Noticed a demonspawn
    22 | D:1      | Noticed a merfolk
    24 | D:1      | Noticed a halfling
    26 | D:1      | Noticed a human
    26 | D:1      | Noticed a vampire
   267 | D:1      | Slain by a kobold

Levels and vault maps discovered:
D:1:      kb_arrival_jail, layout_basic, chequers_serial_rivers_small_a,
          evilmike_ruin_ashenzari

Action                   || total
-------------------------++-------
Melee: Unarmed           ||    20
       Punch             ||     1
  Eat: Chunk             ||     1
Armor: Robe              ||     2
Dodge: Dodged            ||    12
